 Dungeon Crawl Stone Soup version 0.31-a0-986-g5e6e4ef867 (webtiles) character file.

Game seed: 5427627153077470393

1347 LeprechaunX the Changeling (level 8, -1/44 (48) HPs)
             Began as an Octopode Shapeshifter on Nov 24, 2023.
             Was a Follower of Hepliaklqana.
             Slain by a wight
             ... wielding a +3 dagger
              (4 damage)
             ... on level 6 of the Dungeon.
             The game lasted 00:05:17 (3530 turns).

LeprechaunX the Changeling (Octopode Shapeshifter)  Turns: 3530, Time: 00:05:17

HP:   -1/44 (48)    AC:  1    Str: 18    XL:     8   Next: 62%
MP:   8/8           EV: 13    Int: 18    God:    Hepliaklqana [*.....]
Gold: 460           SH:  0    Dex: 13    Spells: 7/7 levels left

rFire   . .          .
                       - Unarmed
rCold   . . .        (no shield)
rNeg    . . .        (helmet currently unavailable)
rPois   .            u - amulet of regeneration
rElec   .            w - ring of the Burning God {Drain Will+ Str+4 Int+6}
rCorr   .            (no ring)
SInv    .            (no ring)
Will    +....        (no ring)
Stlth   ++           (no ring)
HPRegen 1.07/turn    (no ring)
MPRegen 0.11/turn    (no ring)
                     (no ring)

%: no passive effects
@: beast-form, drained
A: beast (slay +3), reduced essence, almost no armour, amphibious, 8 rings,
camouflage 1, gelatinous body 1, (nimble swimmer 1), tentacles
a: Begin Untransformation, Renounce Religion, Recall Ancestor, Ancestor Identity


You were on level 6 of the Dungeon.
You worshipped Hepliaklqana.
Hepliaklqana was aware of your devotion.
You were a hulking beast.
You visited 1 branch of the dungeon, and saw 6 of its levels.

You collected 460 gold pieces.

Inventory:

Missiles
 o - a throwing net
Jewellery
 l - a ring of ice
 s - an amulet of faith
 u - an amulet of regeneration (around mantle)
 w - the ring of the Burning God (left tentacle) {Drain Will+ Str+4 Int+6}
   (You found it on level 5 of the Dungeon)

   [ring of intelligence]

   Str+4:     It affects your strength (+4).
   Int+6:     It affects your intelligence (+6).
   Will+:     It increases your willpower.
   Drain:     It drains your maximum health when unequipped.
Talismans
 b - a beast talisman
 c - a flux talisman
 r - a dragon-blood talisman
Wands
 q - a wand of paralysis (4)
Scrolls
 e - 2 scrolls of enchant weapon {unknown}
 f - 3 scrolls of identify {unknown}
 g - 2 scrolls of vulnerability {unknown}
 i - 3 scrolls of teleportation {unknown}
 k - a scroll of poison {unknown}
 m - 2 scrolls of immolation {unknown}
 n - a scroll of silence {unknown}
 p - a scroll of blinking {unknown}
 t - a scroll of noise {unknown}
 v - a scroll of enchant armour {unknown}
 x - a scroll of fog {unknown}
Potions
 a - a potion of lignification
 d - 2 potions of degeneration {unknown}
 h - a potion of resistance {unknown}
 j - a potion of magic {unknown}


   Skills:
 + Level 4.7 Fighting
 - Level 2.0 Dodging
 + Level 5.5 Unarmed Combat
 + Level 4.1 Evocations
 * Level 6.8 Shapeshifting


You had 7 spell levels left.
You didn't know any spells.
Your spell library contained the following spells:

 Spells                   Type           Power      Damage    Failure   Level
 Sandblast                Erth           0%         2d4       22%         1
 Passwall                 Tmut/Erth      0%         N/A       32%         2
 Hailstorm                Conj/Ice       0%         3d3       54%         3
 Stone Arrow              Conj/Erth      0%         3d7       54%         3
 Brom's Barrelling Bould  Conj/Erth      0%         2d3       91%         4
 Summon Ice Beast         Ice/Summ       0%         N/A       91%         4
 Simulacrum               Ice/Necr       0%         N/A       100%        6


Dungeon Overview and Level Annotations

Branches:
Dungeon (6/15)             Temple (0/1) D:6

Altars:
Hepliaklqana
Kikubaaqudgha
Qazlal
Yredelemnul
Zin


Innate Abilities, Weirdness & Mutations

You are a hulking beast.
Your limbs bulge with bestial killing power. (Slay +3)
Your life essence is reduced to manifest your ancestor. (-10% HP)
You cannot wear most types of armour.
You are amphibious.
You can wear up to eight rings at the same time.
Your skin changes colour to match your surroundings (Stealth+).
Your rubbery body absorbs attacks. (AC +1, EV +1)
((You are camouflaged when in or above water. (Stealth+)))
You have tentacles for arms and can constrict up to eight enemies at once.


Message History

A wight is nearby!
A wight is nearby!
A wight is nearby!
A wight comes into view.
It is wielding a +3 dagger. 2 wights come into view.
The wight barely misses you.
You closely miss the wight. You grab the wight. You squeeze the wight!
The wight is heavily damaged.
You constrict the wight. The wight misses you.
You barely miss the wight. You squeeze the wight!
You destroy the wight!
A wight comes into view. It is wielding a +0 battleaxe.
The wight hits you with a +3 dagger! The wight misses you.
The wight hits you with a +4 battleaxe!
You feel drained.
The wight closely misses Caesarion.
You are too injured to fight recklessly!
You are too injured to fight recklessly!
You are too injured to fight recklessly!
Unknown command.
Caesarion misses the wight.
The wight attacks as it pursues you! The wight hits you with a +4 mace.
* * * LOW HITPOINT WARNING * * *
The wight closely misses Caesarion.
Caesarion barely misses the wight.
The wight attacks as it pursues you! The wight closely misses you.
The wight attacks as it pursues you! The wight hits you with a +3 dagger.
* * * LOW HITPOINT WARNING * * *
Unknown command.
Caesarion hits the wight but does no damage.
Unknown command.
Caesarion completely misses the wight.
The wight attacks as it pursues you! The wight misses you.
Unknown command.
Unknown command.
Caesarion hits the wight but does no damage.
The wight attacks as it pursues you! The wight closely misses you.
The wight attacks as it pursues you! The wight hits you with a +3 dagger!
* * * LOW HITPOINT WARNING * * *
You feel drained.
You die...

........... #..<.......#♣♣♣
..........# #.........#♣..
z.........# #...###....♣..
..........# ##...##....♣♣.
..........## #............
...........## #............
........R...#######.....###...
............z..........## ##.
........).z.zh........## ##
..........###..........#
..#.......# ##.........# .
####...## ##........# ###.#
##...>.#.## ### ##...###.#
#..## #.# #### ###


You could see the friendly Caesarion the ancestor and 3 wights.

Vanquished Creatures
  A water moccasin (D:5)
  An ice beast (D:6)
  An orc warrior (D:6)
  A phantom (D:5)
  2 scorpions (D:5)
  A wight (D:6)
  A hound (D:6)
  3 orc priests (D:6)
  2 jellies (D:5)
  A gnoll bouda (D:4)
  Jessica (D:3)
  2 sleepcaps
  5 iguanas
  An orc wizard (D:6)
  8 gnolls
  6 adders
  2 dart slugs
  11 orcs
  8 ball pythons
  2 endoplasms (D:1)
  3 giant cockroaches
  4 goblins
  9 hobgoblins
  7 jackals (D:4)
  4 kobolds
  2 quokkas
  8 bats
  2 frilled lizards (D:1)
  3 rats
102 creatures vanquished.

Vanquished Creatures (collateral kills)
  An ogre (D:6)
  A howler monkey (D:6)
  An iguana (D:6)
  An adder (D:5)
  2 orcs (D:6)
6 creatures vanquished.

Grand Total: 108 creatures vanquished

Notes
Turn   | Place    | Note
-------+----------+-------------------------------------------
     0 | D:1      | LeprechaunX the Octopode Shapeshifter began the quest for
                  | the Orb.
     0 | D:1      | Reached XP level 1. HP: 13/13 MP: 1/1
   198 | D:1      | Reached XP level 2. HP: 18/18 MP: 2/2
   816 | D:2      | Reached XP level 3. HP: 20/23 MP: 3/3
   882 | D:2      | Found a faded altar of an unknown god.
  1095 | D:2      | Reached XP level 4. HP: 29/29 MP: 4/4
  1307 | D:2      | Reached skill level 4 in Shapeshifting
  1442 | D:3      | Noticed Jessica
  1450 | D:3      | Killed Jessica
  1451 | D:3      | Reached XP level 5. HP: 30/34 MP: 5/5
  1933 | D:4      | Found a hazy altar of Hepliaklqana.
  1972 | D:4      | Became a worshipper of Hepliaklqana the Forgotten
  2158 | D:4      | Reached skill level 1 in Evocations
  2158 | D:4      | Reached XP level 6. HP: 31/41 MP: 6/6
  2230 | D:4      | Found a stormy altar of Qazlal.
  2402 | D:5      | Entered Level 5 of the Dungeon
  2419 | D:4      | Reached skill level 5 in Shapeshifting
  2580 | D:5      | Reached XP level 7. HP: 33/46 MP: 7/7
  2689 | D:5      | Identified the ring of the Burning God {Drain Will+ Str+4
                  | Int+6}
  2709 | D:5      | Reached * piety under Hepliaklqana
  2893 | D:5      | Found a glowing silver altar of Zin.
  2893 | D:5      | Noticed an angel
  3086 | D:6      | Found a basalt altar of Yredelemnul.
  3099 | D:6      | Reached skill level 5 in Unarmed Combat
  3099 | D:6      | Reached skill level 6 in Shapeshifting
  3099 | D:6      | Reached XP level 8. HP: 40/48 MP: 8/8
  3348 | D:6      | Found an ancient bone altar of Kikubaaqudgha.
  3380 | D:6      | Found a staircase to the Ecumenical Temple.
  3530 | D:6      | Slain by a wight

Illustrated notes

Levels and vault maps discovered:
D:1:      lightli_arrival_farm, layout_loops_ring
D:2:      layout_rooms, nicolae_ecumenical_snake_handling,
          hangedman_abyss_or_decor_stabs
D:3:      layout_basic, uniq_jessica
D:4:      layout_rooms, nicolae_qazlal_eye_of_the_storm,
          mainiacjoe_overflow_alcove_4, hangedman_decor_riveting
D:5:      layout_basic, zin_angel
D:6:      layout_layer_cave, mainiacjoe_overflow_small_starburst,
          old_standard_altar, mainiacjoe_overflow_alcove_1,
          minmay_temple_entry_mini_moons, serial_bayou_pond_a

Skill      XL: |  1  2  3  4  5  6  7  8 |
---------------+-------------------------+-----
Fighting       | 2 3 4 |  4.7
Shapeshifting  | 4 5 6 |  6.8
Unarmed Combat | 4 5 |  5.5
Evocations     | 1 2 3 4 |  4.1
Dodging        | |  2.0

Action                     |  1- 3 |  4- 6 |  7- 9 || total
---------------------------+-------+-------+-------++-------
  Melee: Unarmed           |    68 |   109 |    68 ||   245
         Constrict         |    16 |    33 |    18 ||    67
         Tentacles         |    13 |    29 |    21 ||    63
         Punch             |       |     3 |     2 ||     5
  Throw: Boomerang         |       |     2 |     7 ||     9
         Throwing net      |       |     1 |       ||     1
   Stab: Sleeping          |     5 |     6 |     1 ||    12
 Armour: Skin              |    32 |    43 |    37 ||   112
  Dodge: Dodged            |    49 |    53 |    46 ||   148

Table legend: (Time is in decaauts)
 A = Elapsed time spent in this place.
 B = Non-inter-level travel time spent in this place.
 C = Inter-level travel time spent in this place.
 D = Time resting spent in this place.
 E = Time spent auto-exploring this place.
 F = Levels seen in this place.
 G = Mean time per level.
                   A        B        C        D        E       F      G
               +--------+--------+--------+--------+--------+-----+--------+
         Total |   3514 |   3385 |    129 |    119 |   2554 |   6 |  585.7 |
       Dungeon |   3514 |   3385 |    129 |    119 |   2554 |   6 |  585.7 |
               +--------+--------+--------+--------+--------+-----+--------+

Top non-repeatable levels by time:
     D:1: 796 daAuts
     D:5: 653 daAuts
     D:3: 576 daAuts
     D:4: 529 daAuts
     D:2: 517 daAuts
     D:6: 442 daAuts
